 Dungeon Crawl Stone Soup version 0.30-a0-743-gbfdf073431 (webtiles) character file.

Game seed: 2941849719567174952

11 Leeroy the Grasshopper (level 2, -12/15 HPs)
             Began as a Vine Stalker Warper on Feb 5, 2023.
             Mangled by a gnoll
             ... wielding a +0 flail
              (13 damage)
             ... on level 1 of the Dungeon.
             The game lasted 00:00:39 (468 turns).

Leeroy the Grasshopper (Vine Stalker Warper)         Turns: 468, Time: 00:00:40

Health: -12/15     AC:  3    Str: 13    XL:     2   Next: 25%
Magic:  0/6        EV: 11    Int: 13    God:
Gold:   35         SH:  0    Dex: 13    Spells: 5/5 levels left

rFire   . . .      SeeInvis .    a - +0 falchion
rCold   . . .      Faith    .    (no shield)
rNeg    . . .      Spirit   +    b - +0 leather armour
rPois   +          Reflect  .    (no helmet)
rElec   .          Harm     .    (no cloak)
rCorr   .          Rampage  .    (no gloves)
Will    .....                    (no boots)
Stlth   +                        (no amulet)
HPRegen 0.22/turn                e - ring of poison resistance
MPRegen 0.10/turn                (no ring)

@: no status effects
A: fangs 2, magic shield, antimagic bite, no potion heal 2
a: no special abilities


You were on level 1 of the Dungeon.
You visited 1 branch of the dungeon, and saw 1 of its levels.

You collected 35 gold pieces.

Inventory:

Hand Weapons
 a - a +0 falchion (weapon)
Missiles
 d - 7 boomerangs of dispersal (quivered)
 f - 2 poisoned darts
 i - 2 boomerangs
Armour
 b - a +0 leather armour (worn)
Jewellery
 e - a ring of poison resistance (left hand)
Scrolls
 c - a scroll of blinking
 g - a scroll of poison {unknown}
Potions
 h - a potion of attraction {unknown}


   Skills:
 - Level 1.7 Fighting
 + Level 2.6 Long Blades
 - Level 0.8 Throwing
 - Level 0.7 Armour
 - Level 1.5 Dodging
 - Level 2.1 Spellcasting
 - Level 3.0 Translocations


You had 5 spell levels left.
You didn't know any spells.
Your spell library contained the following spells:

 Spells                   Type           Power      Damage    Failure   Level
 Blink                    Tloc           18%        N/A       14%         2
 Lesser Beckoning         Tloc           18%        N/A       14%         2
 Teleport Other           Tloc           9%         N/A       28%         3
 Vhi's Electric Charge    Tloc/Air       10%        N/A       45%         3
 Manifold Assault         Tloc           9%         N/A       67%         4


Dungeon Overview and Level Annotations

Branches:
Dungeon (1/15)

Altars:


Innate Abilities, Weirdness & Mutations

You have extremely sharp teeth.
When hurt, damage is shared between your health and your magic reserves.
Your bite disrupts and absorbs the magic of your enemies.
Potions cannot restore your health.


Message History

No target in view!
You now have 35 gold pieces (gained 9).
Found 7 stones.
Found 6 stones.
No target in view!
You see here 7 stones.
A frilled lizard comes into view.
Found 3 stones.
A frilled lizard is nearby!
The frilled lizard hisses angrily.
You hit the frilled lizard but do no damage.
The frilled lizard bites you.
You closely miss the frilled lizard. Your bite misses the frilled lizard.
The frilled lizard bites you.
You closely miss the frilled lizard. The frilled lizard bites you.
You closely miss the frilled lizard.
The frilled lizard barely misses you. x2
You barely miss the frilled lizard.
The frilled lizard bites you but does no damage.
You hit the frilled lizard. Your bite misses the frilled lizard.
The frilled lizard is moderately wounded.
The frilled lizard closely misses you.
A frilled lizard is nearby!
You hit the frilled lizard.
You kill the frilled lizard!
A gnoll comes into view. It is wielding a +0 flail.
A gnoll is nearby!
A goblin, an endoplasm and a quokka come into view.
The goblin shouts!
The gnoll shouts!
The endoplasm quivers.
You barely miss the gnoll. Your bite misses the gnoll.
The gnoll hits you with a +0 flail!
Ouch! That really hurt!
You hit the gnoll but do no damage. The gnoll hits you with a +0 flail!
* * * LOW HITPOINT WARNING * * *
You hit the gnoll.
The gnoll is lightly wounded.
The endoplasm jiggles.
The gnoll hits you with a +0 flail!
Ouch! That really hurt!
You die...

##...........# #......#
##............# #......#
#.............# #......#
#.........rg..# #......#
#........gJ...# #......#
#.............####......#.
#...$.........#......(....
##.....#######.##......##
#....Jg@......#########
#############.# #.# #.#
#.# ###


You could see a gnoll and an endoplasm.

Vanquished Creatures
  An endoplasm (D:1)
  A giant cockroach (D:1)
  3 jackals (D:1)
  A ball python (D:1)
  A bat (D:1)
  2 frilled lizards (D:1)
  A goblin (D:1)
  A rat (D:1)
11 creatures vanquished.

Notes
Turn   | Place    | Note
-------+----------+-------------------------------------------
     0 | D:1      | Leeroy the Vine Stalker Warper began the quest for the Orb.
     0 | D:1      | Reached XP level 1. HP: 11/11 MP: 4/4
   312 | D:1      | Reached XP level 2. HP: 11/15 MP: 3/6
   468 | D:1      | Mangled by a gnoll

Illustrated notes

Levels and vault maps discovered:
D:1:      amcnicky_arrival_abandoned_market, layout_basic,
          hellmonk_ecumenical_altar_defaced_shrine

Skill      XL: |  1 |
---------------+----+-----
Long Blades    | 2 |  2.6
Fighting       | |  1.7
Throwing       | |  0.8
Armour         | |  0.7
Dodging        | |  1.5
Spellcasting   | |  2.1
Translocations | |  3.0

Action                     || total
---------------------------++-------
  Melee: Falchion          ||    44
         Bite              ||     5
 Armour: Leather armour    ||    11
  Dodge: Dodged            ||    21

Table legend: (Time is in decaauts)
 A = Elapsed time spent in this place.
 B = Non-inter-level travel time spent in this place.
 C = Inter-level travel time spent in this place.
 D = Time resting spent in this place.
 E = Time spent auto-exploring this place.
 F = Levels seen in this place.
 G = Mean time per level.
                   A        B        C        D        E       F      G
               +--------+--------+--------+--------+--------+-----+--------+
         Total |    475 |    475 |      0 |      0 |    359 |   1 |  475.0 |
       Dungeon |    475 |    475 |      0 |      0 |    359 |   1 |  475.0 |
               +--------+--------+--------+--------+--------+-----+--------+

Top non-repeatable levels by time:
     D:1: 475 daAuts
